 Dungeon Crawl Stone Soup version 0.19.1 (console) character file.

293 Jesseh the Chiller (level 6, 0/61 HPs)
             Began as a Merfolk Ice Elementalist on Nov 29, 2016.
             Was an Initiate of Okawaru.
             Slain by a phantom (3 damage)
             ... on level 4 of the Dungeon.
             The game lasted 00:23:57 (2879 turns).

Jesseh the Chiller (Merfolk Ice Elementalist)       Turns: 2879, Time: 00:23:58

Health: 0/61       AC: 23    Str:  8    XL:     6   Next: 33%
Magic:  9/10       EV:  2    Int: 15    God:    Okawaru [......]
Gold:   153        SH:  0    Dex: 16    Spells: 2 memorised, 7 levels left

rFire  + . .     SeeInvis .     w - +2 dagger (venom)
rCold  . . .     Gourm    .     (armour currently unavailable)
rNeg   + + +     Faith    .     (no shield)
rPois  +         Spirit   .     (helmet currently unavailable)
rElec  .         Reflect  .     (cloak currently unavailable)
rCorr  .         Harm     .     (gloves currently unavailable)
MR     .....     NoTele   +     (boots currently unavailable)
Stlth  ++........               e - amulet of regeneration
                                (no ring)
                                m - ring of protection from fire

@: tree-form
A: (change form in water), (swift swim), (stealthy swim)
a: Renounce Religion


You were on level 4 of the Dungeon.
You worshipped Okawaru.
Okawaru was noncommittal.
You were not hungry.
You were a tree.
You visited 1 branch of the dungeon, and saw 4 of its levels.

You collected 153 gold pieces.

Inventory:

Hand Weapons
 h - a +0 dagger
   (You took it off a goblin on level 1 of the Dungeon)
 w - a +2 dagger of venom (weapon)
   (You took it off an orc on level 3 of the Dungeon)
 z - a +0 spear
   (You found it on level 3 of the Dungeon)
 A - a +0 trident
   (You took it off an orc on level 3 of the Dungeon)
Armour
 a - a +0 robe (melded)
 y - a +0 pair of boots (melded)
   (You found it on level 3 of the Dungeon)
Jewellery
 e - an amulet of regeneration (around neck)
   (You found it on level 1 of the Dungeon)
 m - a ring of protection from fire (left branch)
   (You found it on level 1 of the Dungeon)
Scrolls
 d - a scroll of remove curse {unknown}
 f - 2 scrolls of teleportation {unknown}
 g - 4 scrolls of blinking {unknown}
 k - 2 scrolls of enchant weapon {unknown}
 r - 2 scrolls of noise {unknown}
 s - a scroll of random uselessness {unknown}
 u - 2 scrolls of amnesia {unknown}
Potions
 j - a potion of brilliance {unknown}
 l - a potion of resistance {unknown}
 p - a potion of haste {unknown}
 t - a potion of lignification
 v - a potion of invisibility {unknown}
 x - a potion of mutation {unknown}
 B - a potion of magic {unknown}
Books
 b - a book of Frost
Comestibles
 c - 5 bread rations
 i - 4 chunks of flesh
 n - a slice of pizza
 o - 2 beef jerkies
 q - a meat ration


   Skills:
 + Level 1.3 Polearms
 - Level 4.0 Dodging
 - Level 2.1 Stealth
 - Level 3.0 Spellcasting
   Level 0.7 Conjurations
 * Level 3.4 Charms
 + Level 5.2 Ice Magic


You had 7 spell levels left.
You knew the following spells:

 Your Spells              Type           Power        Failure   Level  Hunger
a - Freeze                Ice            ###.         2%          1    #......
b - Ozocubu's Armour      Chrm/Ice       ###.....     12%         3    ###....


Dungeon Overview and Level Annotations

Branches:
Dungeon (4/15)
 Temple: D:4-7

Altars:
Elyvilon
Nemelex Xobeh
Okawaru
Qazlal
Ru
Xom


Message History

Aim: a phantom (lightly damaged)
You freeze the phantom.
The phantom completely resists.
The phantom closely misses you.
Aim: a phantom (lightly damaged)
You freeze the phantom.
The phantom resists.
The phantom hits you.
You hit the phantom but do no damage. The phantom hits you.
The phantom blinks!
You closely miss the phantom. The phantom closely misses you.
You closely miss the phantom. The phantom misses you.
You hit the phantom but do no damage. The phantom hits you.
You miss the phantom. The phantom hits you.
The phantom blinks!
The phantom barely misses you.
You hit the phantom but do no damage.
The phantom hits you but does no damage.
You hit the phantom but do no damage. The phantom hits you.
Okay, then.
A film of ice covers your body! The phantom misses you.
You hit the phantom.
The phantom hits you but does no damage.
Here: a phantom (lightly damaged)
The floor.
You hit the phantom but do no damage.
The phantom hits you but does no damage.
You closely miss the phantom. The phantom closely misses you.
You hit the phantom but do no damage. The phantom hits you.
You closely miss the phantom. The phantom hits you.
* * * LOW HITPOINT WARNING * * *
You hit the phantom.
The phantom blinks!
The phantom blinks!
Aim: a phantom (lightly damaged)
You freeze the phantom.
The phantom completely resists.
The phantom hits you.
You hit the phantom. The phantom closely misses you.
You hit the phantom.
The phantom hits you but does no damage.
You hit the phantom. The phantom misses you.
You hit the phantom.
The phantom hits you but does no damage.
You hit the phantom but do no damage.
The phantom hits you but does no damage.
You hit the phantom but do no damage. The phantom closely misses you.
You hit the phantom but do no damage. The phantom misses you.
You barely miss the phantom. The phantom hits you.
You hit the phantom.
The phantom blinks!
Aim: a phantom (moderately damaged)
You freeze the phantom.
The phantom completely resists.
The phantom hits you but does no damage.
Here: a phantom (moderately damaged)
The floor.
You hit the phantom but do no damage. The phantom closely misses you.
You closely miss the phantom.
The phantom hits you but does no damage.
You barely miss the phantom.
The phantom blinks!
You hit the phantom but do no damage. The phantom completely misses you.
You hit the phantom. The phantom hits you.
You hit the phantom.
The phantom blinks!
Your icy armour starts to melt.
You hit the phantom. The phantom completely misses you.
You closely miss the phantom. The phantom misses you.
You barely miss the phantom. The phantom closely misses you.
You barely miss the phantom. The phantom hits you.
You barely miss the phantom. The phantom barely misses you.
You barely miss the phantom.
Your icy armour evaporates.
The phantom completely misses you.
You hit the phantom.
The phantom blinks!
You barely miss the phantom.
The phantom blinks!
The phantom hits you.
You hit the phantom. The phantom hits you.
The phantom blinks!
The phantom hits you but does no damage.
You hit the phantom. The phantom hits you.
You completely miss the phantom. The phantom hits you.
You closely miss the phantom. The phantom misses you.
You hit the phantom but do no damage. The phantom closely misses you.
You closely miss the phantom. The phantom hits you.
You miss the phantom. The phantom misses you.
You hit the phantom.
The phantom blinks!
You hit the phantom. The phantom hits you.
You hit the phantom but do no damage. The phantom hits you!
You barely miss the phantom. The phantom hits you.
* * * LOW HITPOINT WARNING * * *
You closely miss the phantom.
The phantom blinks!
You closely miss the phantom.
The phantom blinks!
The phantom hits you.
* * * LOW HITPOINT WARNING * * *
You barely miss the phantom. The phantom hits you!
* * * LOW HITPOINT WARNING * * *
You hit the phantom. The phantom hits you.
* * * LOW HITPOINT WARNING * * *
Aim: a phantom (severely damaged)
You freeze the phantom.
The phantom resists.
The phantom hits you.
* * * LOW HITPOINT WARNING * * *
You hit the phantom but do no damage. The phantom closely misses you.
It was a potion of lignification.
You turn into a tree.
Your +0 pair of boots melds into your body.
Your +0 robe melds into your body.
Your roots penetrate the ground.
The phantom hits you but does no damage.
You cannot move.
You hit the phantom.
The phantom hits you but does no damage.
You barely miss the phantom. The phantom hits you.
You die...

▒▒ .... .....▒▒...▒ ..
........... ...▒ ...
........... ...▒ [..
▒....▒.▒.▒ ...▒ ...
...▒▒....▒.▒.▒ ...▒ ...
.........▒.▒.▒▒...▒▒▒
..........?.............▒▒
(...............W........▒
.▒.▒.▒ ▒▒▒▒.▒.▒▒♣▒▒...▒.▒▒
.....▒ ▒.▒.▒▒.▒ ...W.▒
.▒...▒.▒▒▒▒.▒.▒▒.▒▒...▒▒▒
.▒...▒...............▒▒
.▒...▒..▒▒▒.▒.▒▒.▒▒€.▒
.....(..▒ ▒.▒.........
.....▒..▒▒▒.▒▒▒▒▒▒▒..▒
.....................
▒▒...▒..▒▒▒.▒▒▒▒▒▒..


You could see a phantom.

Vanquished Creatures
  A scorpion (D:4)
  Jessica (D:3)
  Ijyb (D:3)
  2 orc wizards (D:3)
  6 adders
  3 worms
  2 dart slugs (D:3)
  A leopard gecko (D:1)
  8 orcs
  A ball python (D:3)
  9 bats
  5 hobgoblins
  5 jackals
  A quokka (D:3)
  7 frilled lizards
  3 goblins
  7 kobolds
  8 rats
71 creatures vanquished.

Notes
Turn   | Place    | Note
-------+----------+-------------------------------------------
     0 | D:1      | Jesseh the Merfolk Ice Elementalist began the quest for the Orb.
     0 | D:1      | Reached XP level 1. HP: 13/13 MP: 3/3
   345 | D:1      | HP: 3/13 [hobgoblin/club (5)]
   346 | D:1      | Reached XP level 2. HP: 4/19 MP: 0/5
   725 | D:2      | HP: 3/19 [adder (3)]
   726 | D:2      | Reached skill level 4 in Ice Magic
   726 | D:2      | Reached XP level 3. HP: 4/24 MP: 0/7
   732 | D:2      | HP: 5/24 [poisoned by an adder]
   739 | D:2      | HP: 6/24 [poisoned by an adder]
   878 | D:2      | Found a white marble altar of Elyvilon.
   904 | D:2      | Reached skill level 3 in Spellcasting
   909 | D:2      | Learned a level 3 spell: Ozocubu's Armour
   947 | D:2      | Reached XP level 4. HP: 30/30 MP: 0/8
  1016 | D:2      | Found a stormy altar of Qazlal.
  1080 | D:2      | Reached skill level 3 in Dodging
  1186 | D:2      | Reached skill level 1 in Charms
  1564 | D:3      | Noticed Ijyb
  1617 | D:3      | Noticed Jessica
  1628 | D:3      | Killed Jessica
  1699 | D:3      | Reached XP level 5. HP: 32/35 MP: 6/9
  1800 | D:3      | Found an iron altar of Okawaru.
  1823 | D:3      | Became a worshipper of Warmaster Okawaru
  1842 | D:3      | Reached skill level 2 in Charms
  1877 | D:3      | Found a sacrificial altar of Ru.
  2016 | D:3      | Reached skill level 5 in Ice Magic
  2410 | D:3      | Killed Ijyb
  2410 | D:3      | Reached skill level 3 in Charms
  2410 | D:3      | Reached XP level 6. HP: 34/41 MP: 3/10
  2478 | D:3      | Found a sparkling altar of Nemelex Xobeh.
  2479 | D:3      | Found a shimmering altar of Xom.
  2534 | D:3      | Reached skill level 4 in Dodging
  2698 | D:4      | Noticed a phantom
  2705 | D:4      | Reached skill level 1 in Polearms
  2873 | D:4      | HP: 8/41 [phantom (7)]
  2874 | D:4      | HP: 3/41 [phantom (5)]
  2875 | D:4      | HP: 1/41 [phantom (3)]
  2879 | D:4      | Slain by a phantom

Skill      XL: |  1  2  3  4  5  6 |
---------------+-------------------+-----
Ice Magic      | 4 5 |  5.2
Spellcasting   | 3 |  3.0
Dodging        | 3 4 |  4.0
Charms         | 1 3 |  3.4
Polearms       | 1 |  1.3
Stealth        | |  2.1
Conjurations   | |  0.7

Action                   |  1- 3 |  4- 6 || total
-------------------------+-------+-------++-------
Melee: Dagger            |    17 |    87 ||   104
 Cast: Freeze            |    41 |   105 ||   146
       Ozocubu's Armour  |       |     1 ||     1
  Use: Potion            |       |     1 ||     1
  Eat: Chunk             |       |     7 ||     7
Armor: Robe              |    13 |    28 ||    41
       Skin              |       |     2 ||     2
Dodge: Dodged            |    44 |   109 ||   153

Vault maps used:
D:1:      dpeg_arrival_pits
D:2:      elyvilon_altar_4, nicolae_qazlal_general_emergency, first_bread
D:3:      okawaru_metal_pillars_3, gammafunk_temple_overflow_pools,
          nicolae_ru_great_annihilating_truth, uniq_jessica, uniq_iyjb

Table legend:
 A = Turns spent in this place as a percentage of turns spent in the entire game.
 B = Non-inter-level travel turns spent in this place as a percentage of non-inter-level travel turns spent in the entire game.
 C = Inter-level travel turns spent in this place as a percentage of turns spent in this place.
 D = Turns resting spent in this place as a percentage of non-inter-level travel turns spent in this place.
 E = Turns spent auto-exploring this place as a percentage of non-inter-level travel turns spent in this place.
 F = Non-inter-level travel turns spent in this place divided by the number of levels of this place that you've seen.
                   A       B       C       D       E      F
               +-------+-------+-------+-------+-------+----------------------
         Total | 100.0 | 100.0 |   0.7 |   2.1 |   4.5 | 327.8
       Dungeon | 100.0 | 100.0 |   0.7 |   2.1 |   4.5 | 327.8
               +-------+-------+-------+-------+-------+----------------------

Table legend:
 A = Kills in this place as a percentage of kills in entire the game.
 B = Kills by you in this place as a percentage of kills by you in the entire game.
 C = Kills by friends in this place as a percentage of kills by friends in the entire game.
 D = Other kills in this place as a percentage of other kills in the entire game.
 E = Experience gained in this place as a percentage of experience gained in the entire game.
 F = Experience gained in this place divided by the number of levels of this place that you have seen.
                   A       B       C       D       E      F
               +-------+-------+-------+-------+-------+----------------------
         Total | 100.0 | 100.0 |  -nan |  -nan | 100.0 | 104.8
       Dungeon | 100.0 | 100.0 |  -nan |  -nan | 100.0 | 104.8
               +-------+-------+-------+-------+-------+----------------------
